 Dungeon Crawl Stone Soup version 0.30.0-17-ge0270778cf (webtiles) character file.

Game seed: 11930769200420408085

917 DemonSlayer the Magician (level 7, 0/44 (47) HPs)
             Began as a Demonspawn Earth Elementalist on May 21, 2023.
             Was a Follower of Dithmenos.
             Slain by a wight
             ... wielding a +6 halberd
              (13 damage)
             ... on level 5 of the Dungeon.
             The game lasted 00:11:14 (5037 turns).

DemonSlayer the Magician (DsEE)                     Turns: 5037, Time: 00:11:15

HP:   0/44 (47)     AC:  6    Str:  9    XL:     7   Next: 83%
MP:   9/15          EV: 13    Int: 16    God:    Dithmenos [*.....]
Gold: 237           SH:  0    Dex: 17    Spells: 11/17 levels left

rFire   . . .        d - +0 dagger
rCold   . . .        (no shield)
rNeg    . . .        a - +0 robe
rPois   .            (no helmet)
rElec   .            (no cloak)
rCorr   .            (no gloves)
SInv    .            (no boots)
Will    .....        f - amulet of the acrobat
Stlth   +++++        u - +4 ring of protection
HPRegen 0.27/turn    (no ring)
MPRegen 0.14/turn

%: acrobat
@: wreathed by umbra, drained
A: hooves 2, thin skeletal structure 1, foul stench 1, demonic magic 1
a: Renounce Religion


You were on level 5 of the Dungeon.
You worshipped Dithmenos.
Dithmenos was aware of your devotion.
You visited 1 branch of the dungeon, and saw 5 of its levels.

You collected 237 gold pieces.

Inventory:

Hand Weapons
 d - a +0 dagger (weapon)
Missiles
 s - 2 throwing nets
Armour
 a - a +0 robe (worn)
Jewellery
 f - an amulet of the acrobat (around neck)
 u - a +4 ring of protection (left hand)
 x - a ring of protection from cold
Wands
 p - a wand of flame (15)
Scrolls
 b - a scroll of magic mapping {unknown}
 c - 2 scrolls of enchant armour
 e - a scroll of vulnerability
 j - 2 scrolls of immolation
 o - 2 scrolls of poison
 q - a scroll of enchant weapon {unknown}
 t - a scroll of teleportation {unknown}
 w - a scroll of noise {unknown}
Potions
 g - 3 potions of mutation
 h - 7 potions of curing
 i - a potion of brilliance {unknown}
 k - a potion of heal wounds {unknown}
 l - 2 potions of flight {unknown}
 n - 2 potions of magic
 r - 2 potions of might {unknown}
 z - a potion of lignification {unknown}


   Skills:
 + Level 0.8 Fighting
 + Level 0.1 Short Blades
 + Level 2.6 Dodging
 + Level 4.4 Stealth
 + Level 5.5 Spellcasting
 + Level 0.8 Transmutations
 + Level 5.1 Earth Magic


You had 11 spell levels left.
You knew the following spells:

 Your Spells              Type           Power      Damage    Failure   Level
a - Sandblast             Erth           40%        2d10      1%          1
b - Passwall              Tmut/Erth      11%        N/A       6%          2
c - Stone Arrow           Conj/Erth      24%        3d8       16%         3

Your spell library contained the following spells:

 Spells                   Type           Power      Damage    Failure   Level
 Petrify                  Tmut/Erth      14%        N/A       38%         4


Dungeon Overview and Level Annotations

Branches:
Dungeon (5/15)             Temple (0/1) D:5

Altars:
Dithmenos
Gozag
Okawaru

Shops:
D:1 [


Innate Abilities, Weirdness & Mutations

You have hoof-like feet.
You have a somewhat thin skeletal structure. (Dex +2, Stealth+)
You may rarely emit foul miasma when damaged in melee.
Spells you cast may paralyse adjacent enemies.


Message History

The wight is heavily damaged.
Malevolent energies surge around you.
The wight suddenly stops moving!
The helpless wight fails to defend itself.
You puncture the wight!
You destroy the wight!
Dithmenos accepts your kill.
The blast of sand hits the quokka!
You kill the quokka!
Dithmenos accepts your kill. Malevolent energies surge around you.
The wight hits you from afar with a +6 halberd!
You feel drained.
The blast of sand hits the wight but does no damage.
Malevolent energies surge around you. The wight misses you.
The blast of sand hits the wight!
The wight is heavily damaged.
Malevolent energies surge around you. The wight barely misses you.
The wight hits you from afar with a +6 halberd!
You feel drained.
* * * LOW HITPOINT WARNING * * *
Casting: Sandblast (safe; 1% risk of failure)
Confirm with . or Enter, or press ? or * to list all spells.
Aiming: Sandblast (safe; 1% risk of failure)
Press: ? - help, Shift-Dir - straight line, f/p - wight
Aim: a wight, wielding a +6 halberd and wearing a +0 robe (heavily damaged, 83% to hit)
The blast of sand hits the wight.
The wight is heavily damaged.
Malevolent energies surge around you.
The orc shouts!
The wight misses you.
Casting: Sandblast (safe; 1% risk of failure)
Confirm with . or Enter, or press ? or * to list all spells.
Aiming: Sandblast (safe; 1% risk of failure)
Press: ? - help, Shift-Dir - straight line, f/p - wight
Aim: a wight, wielding a +6 halberd and wearing a +0 robe (heavily damaged, 83% to hit)
The blast of sand hits the wight.
The wight is almost destroyed.
Malevolent energies surge around you.
The wight hits you from afar with a +6 halberd!
You die...

########## #........#####
#####............#
#.....#####......#
#.#####...#####..#
##.'....._.†...'..#
#######..#####...#####..#
.............#####...)..#
#######..###....@.z####.#
#..# ######..# #.# #..#
#..# #z# #>.# ##..# #..
#..# #........ #.#.
..##o..##. .###
#.##...##.. ........ .##
..>.. #


You could see a wight and an orc.

Vanquished Creatures
  A phantom (D:4)
  A scorpion (D:4)
  2 wights (D:5)
  A hound (D:4)
  2 quasits (D:5)
  5 jellies
  2 orc priests
  Natasha (thrice) (D:3)
  3 orc wizards
  5 adders
  6 shadow imps (D:5)
  3 white imps (D:5)
  3 ufetubi (D:5)
  2 dart slugs (D:2)
  3 worms
  12 orcs
  6 endoplasms
  2 giant cockroaches
  2 goblins (D:3)
  3 hobgoblins
  2 jackals (D:2)
  12 kobolds
  2 quokkas
  10 ball pythons
  5 bats
  4 frilled lizards
  7 rats
109 creatures vanquished.

Notes
Turn   | Place    | Note
-------+----------+-------------------------------------------
     0 | D:1      | DemonSlayer the Demonspawn Earth Elementalist began the
                  | quest for the Orb.
     0 | D:1      | Reached XP level 1. HP: 13/13 MP: 3/3
     3 | D:1      | Noticed a merfolk
     7 | D:1      | Noticed a barachi
    15 | D:1      | Noticed a vampire
    19 | D:1      | Noticed a troll
   248 | D:1      | Gained mutation: You have large cloven feet. [demonic
                  | ancestry]
   248 | D:1      | Reached XP level 2. HP: 16/19 MP: 1/5
   307 | D:1      | Found Ycyocomn's Antique Armour Emporium.
   896 | D:2      | Gained mutation: You have hoof-like feet. [demonic
                  | ancestry]
   896 | D:2      | Reached XP level 3. HP: 24/24 MP: 0/6
  1124 | D:2      | Found a faded altar of an unknown god.
  1291 | D:2      | Learned a level 2 spell: Passwall
  1295 | D:2      | Learned a level 3 spell: Stone Arrow
  2038 | D:2      | Gained mutation: You may rarely emit foul miasma when
                  | damaged in melee. [demonic ancestry]
  2038 | D:2      | Reached XP level 4. HP: 24/30 MP: 2/8
  2292 | D:3      | Noticed Natasha
  2297 | D:3      | Killed Natasha
  2468 | D:3      | Found an opulent altar of Gozag.
  2497 | D:3      | Noticed Natasha
  2500 | D:3      | Killed Natasha
  2501 | D:3      | Reached XP level 5. HP: 28/35 MP: 7/10
  2856 | D:3      | Noticed Natasha
  2860 | D:3      | Killed Natasha
  3178 | D:4      | Gained mutation: Spells you cast may paralyse adjacent
                  | enemies. [demonic ancestry]
  3178 | D:4      | Reached XP level 6. HP: 38/41 MP: 7/12
  3332 | D:4      | Found a shadowy altar of Dithmenos.
  3339 | D:4      | Became a worshipper of Dithmenos the Shadowed
  3916 | D:4      | Reached skill level 5 in Spellcasting
  3916 | D:4      | Gained mutation: You have a somewhat thin skeletal
                  | structure. (Dex +2, Stealth+) [demonic ancestry]
  3916 | D:4      | Reached XP level 7. HP: 37/47 MP: 9/14
  4114 | D:5      | Entered Level 5 of the Dungeon
  4256 | D:5      | Reached skill level 5 in Earth Magic
  4258 | D:5      | Reached * piety under Dithmenos
  4980 | D:5      | Found an iron altar of Okawaru.
  5016 | D:5      | Found a staircase to the Ecumenical Temple.
  5037 | D:5      | Slain by a wight

Illustrated notes

Levels and vault maps discovered:
D:1:      shiori_arrival_whats_in_store_for_you, layout_rooms, serial_shops,
          shop, lexackson_kobold_supper
D:2:      layout_basic, basic_ecumenical_altar
D:3:      layout_loops_ring, mainiacjoe_overflow_paths,
          nicolae_elevator_lobby_plus, uniq_natasha
D:4:      layout_gridville, old_standard_altar, elyvilon_altar_3
D:5:      layout_loops_ring, mainiacjoe_overflow_surrounded_room,
          nicolae_tso_swordbearing_angel, marbit_many_paths,
          minmay_temple_entry_stoned_glass, serial_demonic, serial_demonic_e,
          serial_demonic_g, serial_demonic_a, serial_demonic_d,
          serial_demonic_d, serial_demonic_e

Skill      XL: |  1  2  3  4  5  6  7 |
---------------+----------------------+-----
Earth Magic    | 3 4 5 |  5.1
Spellcasting   | 3 4 5 |  5.5
Stealth        | 2 4 |  4.4
Dodging        | 2 |  2.6
Fighting       | |  0.8
Short Blades   | |  0.1
Transmutations | |  0.8

Action                     |  1- 3 |  4- 6 |  7- 9 || total
---------------------------+-------+-------+-------++-------
  Melee: Dagger            |    10 |    17 |    14 ||    41
         Unarmed           |     1 |       |       ||     1
         Kick              |     2 |     1 |     2 ||     5
   Cast: Sandblast         |    66 |    74 |    44 ||   184
    Use: Potion            |     1 |       |       ||     1
         Scroll            |     4 |     2 |     3 ||     9
   Stab: Sleeping          |       |     1 |     3 ||     4
         Paralysed         |       |    10 |    10 ||    20
 Armour: Robe              |     5 |     6 |     7 ||    18
  Dodge: Dodged            |    23 |    19 |    36 ||    78
